 Dungeon Crawl Stone Soup version 0.29.1-12-g30fa7ad0bf (webtiles) character file.

Game seed: 15787447035242310712

49 funkygono the Covered (level 3, -4/33 HPs)
             Began as a Minotaur Fighter on Dec 30, 2022.
             Killed by nerve-wracking pain
             ... invoked by an orc priest
              (11 damage)
             ... on level 3 of the Dungeon.
             The game lasted 00:02:32 (1833 turns).

funkygono the Covered (Minotaur Fighter)            Turns: 1833, Time: 00:02:33

Health: -4/33      AC:  9    Str: 22    XL:     3   Next: 53%
Magic:  2/2        EV:  9    Int:  5    God:
Gold:   109        SH:  4    Dex:  9    Spells: 2/2 levels left

rFire   . . .      SeeInvis .   a - +0 long sword
rCold   . . .      Faith    .   c - +0 buckler
rNeg    . . .      Spirit   .   s - +0 scale mail
rPois   .          Reflect  .   (helmet restricted)
rElec   .          Harm     .   (no cloak)
rCorr   .          Rampage  .   e - +0 pair of gloves
Will    .....                   p - +0 pair of boots
Stlth   ..........              (no amulet)
HPRegen 0.11/turn               (no ring)
MPRegen 0.08/turn               (no ring)

@: no status effects
A: horns 2, retaliatory headbutt
a: no special abilities


You were on level 3 of the Dungeon.
You visited 1 branch of the dungeon, and saw 3 of its levels.

You collected 109 gold pieces.

Inventory:

Hand Weapons
 a - a +0 long sword (weapon)
 b - a +0 sling of flaming
Missiles
 o - 4 poisoned darts (quivered)
Armour
 c - a +0 buckler (worn)
 e - a +0 pair of gloves (worn)
 g - an orb of wrath
 p - a +0 pair of boots (worn)
 s - a +0 scale mail (worn)
Scrolls
 f - a scroll of poison {unknown}
 i - 4 scrolls of identify {unknown}
 k - a scroll of vulnerability {unknown}
 m - 2 scrolls of teleportation {unknown}
 q - 2 scrolls of amnesia {unknown}
 r - a scroll of silence {unknown}
 t - a scroll of blinking {unknown}
Potions
 d - a potion of might
 h - 2 potions of invisibility {unknown}
 j - 3 potions of curing {unknown}
 l - a potion of mutation {unknown}
 n - a potion of flight {unknown}


   Skills:
 + Level 4.1 Fighting
 + Level 2.7 Long Blades
 + Level 0.5 Throwing
 + Level 4.5 Armour
 + Level 4.0 Shields


You had 2 spell levels left.
You didn't know any spells.
Your spell library contained the following spells:

 Spells                   Type           Power      Damage    Failure   Level
 Blink                    Tloc           0%         N/A       95%         2
 Lesser Beckoning         Tloc           0%         N/A       99%         3
 Manifold Assault         Tloc           0%         N/A       100%        5


Dungeon Overview and Level Annotations

Branches:
Dungeon (3/15)

Altars:
Nemelex Xobeh


Innate Abilities, Weirdness & Mutations

You have a pair of horns on your head.
You reflexively headbutt those who attack you in melee.


Message History

There is a stone staircase leading down here.
You climb downwards.
Found a helmet.
There is a stone staircase leading up here.
You see here a +0 helmet.
u - a +0 helmet You drop a +0 helmet.
j - 3 viscous grey potions (gained 1)
There is a stone staircase leading up here.
Found a stone staircase leading up.
Found a robe.
You see here a +0 robe.
q - 2 scrolls labelled GIMIAPREGOO (gained 1)
Found a ring mail.
An orc priest comes into view. It is wielding a +0 flail.
The orc priest shouts!
You hear a shout! x2
Fire: b) +0 sling (flame)
Press: ? - help, Q - select action, (/) - cycle Shift-Dir - straight line, f - orc priest
Aim: an orc priest, wielding a +0 flail and wearing a +0 leather armour (52% to hit)
You shoot a sling bullet.
The sling bullet closely misses the orc priest.
The orc priest mumbles some strange prayers to Beogh against you.
Pain shoots through your body!
Fire: b) +0 sling (flame)
Press: ? - help, Q - select action, (/) - cycle Shift-Dir - straight line, f/p - orc priest
Aim: an orc priest, wielding a +0 flail and wearing a +0 leather armour (52% to hit)
You shoot a sling bullet. The sling bullet hits the orc priest.
The sling bullet burns the orc priest.
The orc priest is heavily wounded.
The orc priest invokes the aid of Beogh against you.
Beogh smites you!
* * * LOW HITPOINT WARNING * * *
An orc comes into view. It is wielding a +0 flail.
You hear a shout! x2
Unknown command.
Your +0 sling of flaming stops flaming.
a - a +0 long sword (weapon)
The orc priest mumbles some strange prayers to Beogh against you.
Pain shoots through your body!
You die...

### .. ###.# # .[o#.#
#o...# #@# ####
#.####### ..#
#.......####
#######.########.....#
........##.....#..##.#
#.......###.#..##.#
....#<.######<...##.####
. ####.....##.[.###....#
#...##.#......# ####.#


You could see an orc priest and an orc.

Vanquished Creatures
  An adder (D:1)
  A worm (D:2)
  A dart slug (D:2)
  3 ball pythons
  3 endoplasms
  2 giant cockroaches
  5 goblins (D:1)
  4 hobgoblins (D:2)
  2 quokkas (D:1)
  5 bats
  A frilled lizard (D:2)
  A kobold (D:1)
  2 rats (D:1)
31 creatures vanquished.

Notes
Turn   | Place    | Note
-------+----------+-------------------------------------------
     0 | D:1      | funkygono the Minotaur Fighter began the quest for the Orb.
     0 | D:1      | Reached XP level 1. HP: 19/19 MP: 0/0
    76 | D:1      | Found a faded altar of an unknown god.
   272 | D:1      | Reached XP level 2. HP: 27/27 MP: 1/1
   774 | D:1      | Found a sparkling altar of Nemelex Xobeh.
   847 | D:1      | Reached XP level 3. HP: 30/33 MP: 2/2
  1833 | D:3      | Killed from afar by an orc priest

Illustrated notes

Levels and vault maps discovered:
D:1:      dpeg_arrival_water_altar, layout_basic,
          hellmonk_ecumenical_altar_run_dry, corexii_leaking_fountain,
          minmay_misc_feat_iff
D:2:      layout_basic
D:3:      layout_basic, uniq_robin

Skill      XL: |  1  2  3 |
---------------+----------+-----
Fighting       | 4 |  4.1
Armour         | 4 |  4.5
Shields        | 4 |  4.0
Long Blades    | |  2.7
Throwing       | |  0.5

Action                   || total
-------------------------++-------
Melee: Long sword        ||    68
       Headbutt          ||    13
 Fire: Sling             ||    17
Throw: Dart              ||    12
Armor: Scale mail        ||    51
Dodge: Dodged            ||    29
Block: Buckler           ||    22
